Map: Sang chaud EC

Players

Nilsson

  • Race: Terran Terran
  • League: Master
  • Spawn Location: 5:00

defer - Winner!

  • Race: Protoss Protoss
  • League: Diamond
  • Spawn Location: 11:00

VOD

Have the link to the VOD?

Description

Time

  • Played on: June 18, 2017, 9:57 a.m.
  • Length: 5:35
Show
View Real Time Build Order
Export as new Build Order

Nilsson Terran 

Build Orders: Cyclone Opening 

Get SALT Encoding   

  12  0:00  Unknown  
  12  0:01  SCV  
  13  0:14  SCV  
  14  0:19  Supply Depot  
  14  0:26  SCV  
  15  0:29  Refinery  
  15  0:40  SCV  
  16  0:46  Barracks  
  16  0:56  SCV  
  16  0:57  Refinery  
  17  1:09  SCV  
  18  1:21  SCV  
  19  1:34  Reaper  
  19  1:35  Factory  
  19  1:39  Orbital Command  
  20  1:49  Supply Depot  
  20  2:05  SCV  
  21  2:11  Barracks Reactor  
  21  2:12  Supply Depot  
  21  2:17  SCV  
  22  2:24  Cyclone  
  22  2:29  SCV  
  26  2:41  SCV  
  26  2:53  SCV  
  26  2:55  Factory  
  27  3:05  Cyclone  
  27  3:06  Cyclone  
  27  3:09  Barracks Tech Lab  
  33  3:27  Command Center  
  33  3:38  Hellion x2  
  37  3:51  Engineering Bay  
  30  4:18  SCV  
  28  4:30  SCV  
  26  4:37  Cyclone  
  28  4:44  Marine  
  26  4:46  Cyclone  
Show
View Real Time Build Order
Export as new Build Order

defer Protoss - Winner!

Build Orders:  

Get SALT Encoding   

  12  0:00  Probe (Chrono Boost), Unknown  
  13  0:11  Probe (Chrono Boost)  
  14  0:18  Pylon  
  14  0:22  Probe (Chrono Boost)  
  15  0:36  Probe (Chrono Boost)  
  15  0:38  Gateway  
  16  0:47  Probe (Chrono Boost)  
  16  0:48  Assimilator  
  17  0:55  Assimilator  
  17  0:57  Probe (Chrono Boost)  
  18  1:08  Probe (Chrono Boost)  
  20  1:18  Probe (Chrono Boost)  
  20  1:25  Cybernetics Core  
  20  1:29  Probe (Chrono Boost)  
  20  1:30  Pylon  
  21  1:34  Pylon  
  21  1:39  Probe (Chrono Boost)  
  22  1:50  Probe (Chrono Boost)  
  23  2:02  Adept (Chrono Boost)  
  23  2:06  Robotics Facility  
  25  2:13  Robotics Facility  
  25  2:25  Adept (Chrono Boost)  
  27  2:34  Mothership Core  
  29  2:53  Immortal (Chrono Boost)  
  33  3:05  Pylon  
  35  3:06  Warp Prism (Chrono Boost)  
  35  3:32  Immortal (Chrono Boost)  
  39  3:48  Pylon  
  43  3:49  Immortal (Chrono Boost)  
  41  4:14  Immortal (Chrono Boost)  
  43  4:28  Immortal (Chrono Boost)  
  43  4:48  Immortal (Chrono Boost)  
Tags
 
Add a new tag
Caveats
  • Supply blocks, unpowered buildings, or Contaminate may cause inaccurate times.
  • Supply counts are checked every 10 seconds.